 Dungeon Crawl Stone Soup version 0.31-a0-876-gfe8ebadbca (webtiles) character file.

Game seed: 12844853219896589751

57 Malachi the Sneak (level 3, -4/19 HPs)
             Began as a Vampire Enchanter on Oct 13, 2023.
             Slain by a scorpion (6 damage)
             ... on level 3 of the Dungeon.
             The game lasted 00:03:17 (1747 turns).

Malachi the Sneak (Vampire Enchanter)               Turns: 1747, Time: 00:03:18

Health: -4/19      AC:  2    Str:  7    XL:     3   Next: 73%
Magic:  0/6        EV: 12    Int: 19    God:
Gold:   259        SH:  0    Dex: 14    Spells: 0/6 levels left

rFire   . . .        a - +1 dagger
rCold   + + .        (no shield)
rNeg    + + +        b - +0 robe
rPois   ∞            (no helmet)
rElec   .            (no cloak)
rCorr   .            (no gloves)
SInv    +            (no boots)
Will    .....        (no amulet)
Stlth   +++++        (no ring)
HPRegen 0.00/turn    (no ring)
MPRegen 0.10/turn

%: no passive effects
@: confusing by touch, bloodless, inhibited regen
A: bloodless, fangs 3, see invisible, vampiric 2
a: Bat Form, Revivify


You were on level 3 of the Dungeon.
You visited 1 branch of the dungeon, and saw 3 of its levels.

You collected 259 gold pieces.

Inventory:

Hand Weapons
 a - a +1 dagger (weapon)
Armour
 b - a +0 robe (worn)
Magical Staves
 i - a staff of earth
Jewellery
 m - a +4 ring of protection
Scrolls
 d - 2 scrolls of noise {unknown}
 g - a scroll of torment {unknown}
 h - 4 scrolls of identify {unknown}
 j - a scroll of enchant weapon {unknown}
 k - a scroll of poison {unknown}
Potions
 c - 2 potions of invisibility
 e - a potion of mutation {unknown}
 f - 5 potions of curing {unknown}
 l - a potion of brilliance {unknown}


   Skills:
 + Level 2.7 Short Blades
 - Level 2.1 Dodging
 + Level 5.6 Stealth
 + Level 2.4 Spellcasting
 - Level 4.4 Hexes


You couldn't memorise any spells.
You knew the following spells:

 Your Spells              Type           Power      Damage    Failure   Level
a - Confusing Touch       Hex            19%        N/A       8%          3
b - Tukima's Dance        Hex            19%        N/A       8%          3

Your spell library contained the following spells:

 Spells                   Type           Power      Damage    Failure   Level
 Ensorcelled Hibernation  Hex/Ice        20%        N/A       10%         2
 Dazzling Flash           Conj/Hex       20%        N/A       21%         3


Dungeon Overview and Level Annotations

Branches:
Dungeon (3/15)

Altars:


Innate Abilities, Weirdness & Mutations

You do not regenerate when monsters are visible.
You are frail without blood (-20% HP).
You can heal yourself when you bite living creatures.
You are immune to poison.
You have razor-sharp teeth.
You have supernaturally acute eyesight. (SInv)
You are afflicted with vampirism and can become a bat while bloodless.


Message History

The scorpion is moderately wounded.
The scorpion stings you.
You hit the scorpion.
The scorpion is moderately wounded.
You hit the scorpion but do no damage.
You bite the scorpion, but do no damage.
The scorpion is moderately wounded.
The scorpion stings you.
You are too injured to fight recklessly!
You are too injured to fight recklessly!
You are too injured to fight recklessly!
You barely miss the scorpion.
The scorpion is moderately wounded.
The scorpion misses you.
The scorpion stings you but does no damage.
You hit the scorpion.
The scorpion is heavily wounded.
The scorpion stings you but does no damage.
Okay, then.
Cast which spell? (? or * to list)
Okay, then.
Unknown command.
Casting: Confusing Touch (extremely dangerous; 8% risk of failure)
Confirm with . or Enter, or press ? or * to list all spells.
Okay, then.
Casting: Confusing Touch (extremely dangerous; 8% risk of failure)
Confirm with . or Enter, or press ? or * to list all spells.
Your hands begin to glow red.
The scorpion misses you.
Casting: Confusing Touch (extremely dangerous; 8% risk of failure)
Confirm with . or Enter, or press ? or * to list all spells.
Your hands begin to glow brighter.
The scorpion stings you.
* * * LOW HITPOINT WARNING * * *
You hit the scorpion but do no damage.
You bite the scorpion, but do no damage.
The scorpion is heavily wounded.
The scorpion closely misses you.
You hit the scorpion but do no damage. Your bite misses the scorpion.
The scorpion is heavily wounded.
The scorpion stings you.
You die...

. #.#
# #.#
# #.#
. #.#
≈ #.#
#.#
##.#
##..#
#@.##
#s##
..#
..##
#.#
..
###


You could see a scorpion.

Vanquished Creatures
  2 dart slugs
  An orc (D:3)
  3 endoplasms
  2 giant cockroaches (D:1)
  6 hobgoblins
  6 quokkas
  6 ball pythons
  A bat (D:1)
  5 frilled lizards
  7 goblins
  4 kobolds
  6 rats
49 creatures vanquished.

Notes
Turn   | Place    | Note
-------+----------+-------------------------------------------
     0 | D:1      | Malachi the Vampire Enchanter began the quest for the Orb.
     0 | D:1      | Reached XP level 1. HP: 13/13 MP: 3/3
   182 | D:1      | Reached XP level 2. HP: 19/19 MP: 5/5
   194 | D:1      | Reached skill level 5 in Stealth
   447 | D:1      | Gained mutation: You are afflicted with vampirism and can
                  | become a bat while bloodless. [Vampire growth]
   447 | D:1      | Reached XP level 3. HP: 24/24 MP: 6/6
  1445 | D:2      | Learned a level 3 spell: Confusing Touch
  1449 | D:2      | Learned a level 3 spell: Tukima's Dance
  1734 | D:3      | Noticed a scorpion
  1747 | D:3      | Slain by a scorpion

Illustrated notes

Levels and vault maps discovered:
D:1:      dpeg_arrival_rooms_b, layout_rooms, minmay_domino_4
D:2:      layout_loops_ring, chequers_serial_rivers_micro_b, st_stairs_13
D:3:      layout_basic, chequers_serial_rivers_room_a, minmay_misc_feat_pillars,
          chequers_serial_rivers_small_b, minmay_fractal_squares_gapless_5

Skill      XL: |  1  2 |
---------------+-------+-----
Stealth        | 5 |  5.6
Short Blades   | 2 |  2.7
Dodging        | |  2.1
Spellcasting   | |  2.4
Hexes          | |  4.4

Action                     || total
---------------------------++-------
  Melee: Dagger            ||   126
         Bite              ||     8
   Cast: Confusing Touch   ||     2
Ability: Exsanguinate      ||     1
   Stab: Sleeping          ||    18
         Distracted        ||     2
 Armour: Robe              ||    48
  Dodge: Dodged            ||    66

Table legend: (Time is in decaauts)
 A = Elapsed time spent in this place.
 B = Non-inter-level travel time spent in this place.
 C = Inter-level travel time spent in this place.
 D = Time resting spent in this place.
 E = Time spent auto-exploring this place.
 F = Levels seen in this place.
 G = Mean time per level.
                   A        B        C        D        E       F      G
               +--------+--------+--------+--------+--------+-----+--------+
         Total |   1734 |   1651 |     83 |     89 |   1157 |   3 |  578.0 |
       Dungeon |   1734 |   1651 |     83 |     89 |   1157 |   3 |  578.0 |
               +--------+--------+--------+--------+--------+-----+--------+

Top non-repeatable levels by time:
     D:2: 845 daAuts
     D:1: 678 daAuts
     D:3: 211 daAuts
